 Dungeon Crawl Stone Soup version 0.30.1-11-g7821555f0a (webtiles) character file.

Game seed: 2145313942177950755

49 jagang the Trooper (level 3, -1/31 HPs)
             Began as a Barachi Monk on Nov 13, 2023.
             Slain by a gnoll
             ... wielding a +0 flail
              (8 damage)
             ... on level 3 of the Dungeon.
             The game lasted 00:02:31 (1510 turns).

jagang the Trooper (Barachi Monk)                   Turns: 1510, Time: 00:02:32

Health: -1/31      AC:  8    Str: 12    XL:     3   Next: 77%
Magic:  3/3        EV:  7    Int: 10    God:
Gold:   142        SH:  0    Dex: 16    Spells: 2/2 levels left

rFire   . . .        a - +0 falchion
rCold   . . .        d - orb {light}
rNeg    . . .        s - +0 chain mail
rPois   .            (no helmet)
rElec   .            i - scarf {+Inv}
rCorr   .            (no gloves)
SInv    +            (no boots)
Will    .....        (no amulet) Stlth
                     f - ring of see invisible
HPRegen 0.25/turn    (no ring)
MPRegen 0.08/turn

%: no passive effects
@: confused, ambrosia-drunk, unable to hop, glowing, slow
A: amphibious, slowness 1, strong legs 1, +LOS
a: Hop, Evoke Invisibility


You were on level 3 of the Dungeon.
You visited 1 branch of the dungeon, and saw 3 of its levels.

You collected 142 gold pieces.

Inventory:

Hand Weapons
 a - a +0 falchion (weapon)
Missiles
 r - a poisoned dart (quivered)
Armour
 d - an orb of light (worn)
 i - a scarf of invisibility (worn)
 s - a +0 chain mail (worn)
Jewellery
 f - a ring of see invisible (left hand)
Scrolls
 g - a scroll of silence {unknown}
 h - a scroll of blinking {unknown}
 j - a scroll of immolation {unknown}
 l - a scroll of amnesia {unknown}
 m - a scroll of identify {unknown}
 n - a scroll of summoning {unknown}
 o - a scroll of fog {unknown}
 p - 2 scrolls of vulnerability {unknown}
 q - a scroll of teleportation {unknown}
Potions
 e - a potion of degeneration {unknown}
 k - a potion of mutation {unknown}


   Skills:
 + Level 4.3 Fighting
 + Level 4.3 Long Blades
 + Level 0.4 Throwing
 + Level 2.0 Armour
 - Level 3.2 Dodging


You had 2 spell levels left.
You didn't know any spells.
Your spell library contained the following spells:

 Spells                   Type           Power      Damage    Failure   Level
 Call Canine Familiar     Summ           0%         N/A       100%        3
 Portal Projectile        Hex/Tloc       0%         N/A       100%        3
 Leda's Liquefaction      Hex/Erth       0%         N/A       100%        4


Dungeon Overview and Level Annotations

Branches:
Dungeon (3/15)

Altars:

Shops:
D:1 (


Innate Abilities, Weirdness & Mutations

You are amphibious.
You cover ground slowly.
You can hop short distances.
You have an extended range of vision and can be seen from far away.


Message History

The gnoll barely misses you.
You barely miss the gnoll.
The gnoll is almost dead.
The gnoll looks more healthy.
The gnoll hits you but does no damage.
You hit the gnoll.
You kill the gnoll!
Your Armour skill increases to level 2!
You hit the gnoll but do no damage. The gnoll closely misses you.
The gnoll hits you with a +0 flail.
You barely miss the gnoll. The gnoll barely misses you.
The gnoll hits you from afar with a +0 halberd.
You hit the gnoll.
The gnoll is moderately wounded.
The gnoll barely misses you. The gnoll closely misses you.
The gnoll attacks as you move away! The gnoll hits you with a +0 flail. x2
The gnoll attacks as you move away! The gnoll hits you with a +0 flail!
* * * LOW HITPOINT WARNING * * *
The gnoll attacks as you move away! The gnoll hits you with a +0 flail.
* * * LOW HITPOINT WARNING * * *
There is a stone staircase leading up here.
Hop to where?
Press: ? - help, Dir - move target
Found a ring mail.
Boing!
Throw: 3 darts (poison)
Press: ? - help, Q - select action, (/) - cycle Shift-Dir - straight line, f - gnoll
Aim: a gnoll, wielding a +0 flail (sparse dust, lightly wounded, haloed, 83% to hit)
You throw a poisoned dart. The poisoned dart hits the gnoll.
The gnoll is poisoned.
The gnoll is lightly wounded.
Throw: 2 darts (poison)
Press: ? - help, Q - select action, (/) - cycle Shift-Dir - straight line, f/p - gnoll
Aim: a gnoll, wielding a +0 flail (lightly wounded, poisoned, haloed, 83% to hit)
You throw a poisoned dart. The poisoned dart hits the gnoll.
The gnoll is lightly wounded.
You hit the gnoll.
The gnoll is moderately wounded.
The gnoll barely misses you.
You are confused.
You feel invigorated. The gnoll hits you with a +0 flail!
You die...

#.# #.# #.#
#.# #(# #(#
#)#
#########.#
#@gg<....?#
#.#########
#[# #.# #.#
#.. ###


You could see 2 gnolls.

Vanquished Creatures
  A gnoll (D:3)
  An adder (D:2)
  A worm (D:2)
  2 dart slugs
  4 bats
  An endoplasm (D:1)
  A giant cockroach (D:1)
  2 goblins
  3 hobgoblins
  3 quokkas (D:2)
  3 ball pythons
  2 frilled lizards (D:1)
  A rat (D:1)
25 creatures vanquished.

Notes
Turn   | Place    | Note
-------+----------+-------------------------------------------
     0 | D:1      | jagang the Barachi Monk began the quest for the Orb.
     0 | D:1      | Reached XP level 1. HP: 18/18 MP: 1/1
   117 | D:1      | Reached XP level 2. HP: 25/25 MP: 2/2
   142 | D:1      | Reached skill level 1 in Armour
   794 | D:2      | Reached XP level 3. HP: 30/30 MP: 3/3
   991 | D:2      | Found a faded altar of an unknown god.
  1505 | D:3      | HP: 1/31 [gnoll/+0 flail (3)]
  1510 | D:3      | Slain by a gnoll

Illustrated notes

Levels and vault maps discovered:
D:1:      ebering_trefoil_3fold, layout_loops_cross, serial_shops,
          nicolae_shop_peninsula
D:2:      layout_loops_ring, shapermc_ecumenical_altar_petra,
          nicolae_elevator_lobby_plus
D:3:      layout_basic, nicolae_vehumet_radiance, skrybe_limestone_x,
          palyth_stone_intersect, dk_vineyard_2, kennysheep_generic_room_2,
          uniq_jessica

Skill      XL: |  1  2  3 |
---------------+----------+-----
Armour         | 1 2 |  2.0
Fighting       | 4 |  4.3
Long Blades    | 4 |  4.3
Throwing       | |  0.4
Dodging        | |  3.2

Action                     || total
---------------------------++-------
  Melee: Falchion          ||    68
  Throw: Dart              ||     5
Ability: Hop               ||     1
    Use: Potion            ||     1
 Armour: Robe              ||    11
         Chain mail        ||     2
  Dodge: Dodged            ||    47
